 Dungeon Crawl Stone Soup version 0.30-a0-782-ge64f9170bb (webtiles) character file.

Game seed: 15842896445790151723

895 senseless the Magician (level 7, 0/59 HPs)
             Began as a Purple Draconian Transmuter on Mar 17, 2023.
             Slain by an orc warrior
             ... wielding a +0 war axe
              (13 damage)
             ... on level 5 of the Dungeon.
             The game lasted 00:14:57 (5255 turns).

senseless the Magician (DrTm)                       Turns: 5255, Time: 00:14:58

Health: 0/59       AC: 10    Str: 20    XL:     7   Next: 78%
Magic:  14/14      EV: 13    Int: 14    God:
Gold:   218        SH:  0    Dex: 11    Spells: 10/15 levels left

rFire   . . .      SeeInvis .      - Unarmed
rCold   + . .      Faith    .    (no shield)
rNeg    . . .      Spirit   .    (body armour unavailable)
rPois   +          Reflect  .    g - +2 hat
rElec   .          Harm     .    o - +1 cloak {rPois}
rCorr   .          Rampage  .    (no gloves)
Will    +....      Clarity  +    (no boots)
Stlth   +                        (no amulet)
HPRegen 0.29/turn                c - +6 ring of strength
MPRegen 0.14/turn                i - ring of protection from cold

@: no status effects
A: breathe power, AC +6, unfitting armour, cold-blooded, clarity, sense
surroundings 1
a: Breathe Dispelling Energy


You were on level 5 of the Dungeon.
You visited 1 branch of the dungeon, and saw 5 of its levels.

You collected 407 gold pieces.
You spent 189 gold pieces at shops.

Inventory:

Hand Weapons
 r - a +1 heavy halberd
 s - a +4 quarterstaff of chaos
Armour
 g - a +2 hat (worn)
 o - a +1 cloak of poison resistance (worn)
 t - a +0 cloak of preservation
Jewellery
 c - a +6 ring of strength (left hand)
 f - a ring of ice
 i - a ring of protection from cold (right hand)
 k - a ring of protection from fire
Wands
 l - a wand of flame (25)
 n - a wand of paralysis (8)
Scrolls
 e - a scroll of magic mapping
 u - a scroll of teleportation
 v - a scroll of identify
Potions
 a - a potion of lignification
 b - a potion of curing
 d - a potion of resistance {unknown}
 h - 2 potions of attraction {unknown}
 j - a potion of mutation
 m - a potion of might {unknown}
 p - a potion of haste {unknown}
 q - a potion of magic {unknown}
 w - a potion of cancellation {unknown}


   Skills:
 + Level 4.2 Fighting
 + Level 3.8 Dodging
 + Level 4.8 Unarmed Combat
 + Level 4.9 Spellcasting
 + Level 4.2 Transmutations
 + Level 1.7 Ice Magic


You had 10 spell levels left.
You knew the following spells:

 Your Spells              Type           Power      Damage    Failure   Level
a - Beastly Appendage     Tmut           30%        N/A       3%          1
b - Ice Form              Ice/Tmut       11%        N/A       45%         4

Your spell library contained the following spells:

 Spells                   Type           Power      Damage    Failure   Level
 Wereblood                Tmut           15%        N/A       4%          2
 Spider Form              Tmut/Pois      9%         N/A       22%         3
 Ozocubu's Armour         Ice            8%         N/A       26%         3
 Inner Flame              Hex/Fire       3%         N/A       47%         3
 Cause Fear               Hex            1%         N/A       87%         4
 Ozocubu's Refrigeration  Ice            4%         4d8       100%        7
 Discord                  Hex            1%         N/A       100%        8


Dungeon Overview and Level Annotations

Branches:
Dungeon (5/15)
 Temple: D:4-7

Altars:
Ashenzari
Dithmenos
Elyvilon
Fedhas
Makhleb
Nemelex Xobeh
Zin

Shops:
D:2 [


Innate Abilities, Weirdness & Mutations

You can breathe bolts of dispelling energy.
Your rich purple scales are hard. (AC +6)
You cannot fit into any form of body armour.
You are cold-blooded and may be slowed by cold attacks.
You possess an exceptional clarity of mind.
You passively map a small area around you.


Message History

The orc priest calls down the wrath of Beogh upon you.
Beogh smites you!
* * * LOW HITPOINT WARNING * * *
You are too injured to fight recklessly!
You are too injured to fight recklessly!
You are too injured to fight recklessly!
You are too injured to fight recklessly!
You are too injured to fight recklessly!
You are too injured to fight recklessly!
You are too injured to fight recklessly!
You are too injured to fight recklessly!
You are too injured to fight recklessly!
You are too injured to fight recklessly!
You are too injured to fight recklessly!
You are too injured to fight recklessly!
You are too injured to fight recklessly!
You are too injured to fight recklessly!
You are too injured to fight recklessly!
You are too injured to fight recklessly!
You are too injured to fight recklessly!
You are too injured to fight recklessly!
You are too injured to fight recklessly!
You are too injured to fight recklessly!
You are too injured to fight recklessly!
You barely miss the orc warrior.
You claw the orc warrior, but do no damage.
The orc warrior is moderately wounded.
The orc warrior misses you.
Your horns disappear.
Your talons disappear.
Your +2 hat unmelds from your body.
The orc priest invokes the aid of Beogh against you.
Beogh smites you!
* * * LOW HITPOINT WARNING * * *
You feel better. The orc attacks as you move away! The orc misses you.
The orc warrior attacks as you move away!
The orc warrior completely misses you.
The orc warrior attacks as you move away!
The orc warrior hits you with a +0 war axe!
You die...

#..........#.# #.##..#.#.##
#............# #.#...#....#
#........)..## #.....##.#.##
...........######.....##....##
*
........#..##..<.#...###...##
#......#...#..#..##### ##....
#######.#^..##.## #.#<. ,
########.##..##.# #...#
............@##.# #..##
###.##.#...o...#########....
..### ##.####o#...............
......#..####o............#...
o........{o........##.....#...
.......#########.#.#..#####.<.
###.... * #.#...# ##.. ##.## ,
##.....# #†. ,.<.*
##...##.#######..


You could see an orc warrior, an orc priest and an orc.

Vanquished Creatures
  A kobold brigand (D:5)
  A necrophage (D:4)
  3 scorpions
  4 hounds
  Crazy Yiuf (D:4)
  2 orc priests
  Terence (D:2)
  Ijyb (D:4)
  2 iguanas (D:4)
  An orc wizard (D:4)
  Natasha (twice) (D:4)
  Robin (D:2)
  8 gnolls
  An adder (D:3)
  A white imp (D:5)
  2 ufetubi (D:4)
  A worm (D:4)
  A dart slug (D:1)
  8 orcs
  4 ball pythons
  3 bats
  5 endoplasms
  2 giant cockroaches
  12 goblins
  9 hobgoblins
  3 quokkas
  6 frilled lizards
  13 kobolds
  22 rats
121 creatures vanquished.

Notes
Turn   | Place    | Note
-------+----------+-------------------------------------------
     0 | D:1      | senseless the Draconian Transmuter began the quest for the
                  | Orb.
     0 | D:1      | Reached XP level 1. HP: 16/16 MP: 3/3
   188 | D:1      | Reached XP level 2. HP: 20/23 MP: 3/5
   862 | D:2      | Noticed Robin
   873 | D:2      | Reached XP level 3. HP: 9/29 MP: 4/6
   972 | D:2      | Found a faded altar of an unknown god.
  1334 | D:2      | Noticed Terence
  1614 | D:2      | Killed Robin
  1681 | D:2      | Found Hoff's Armour Shop.
  1952 | D:2      | Killed Terence
  1953 | D:2      | Reached XP level 4. HP: 17/36 MP: 7/7
  2259 | D:3      | Noticed a black bear
  2356 | D:2      | Bought a +1 cloak of poison resistance for 189 gold pieces
  3163 | D:4      | Noticed Natasha
  3171 | D:4      | Reached XP level 5. HP: 16/42 MP: 9/9
  3388 | D:4      | Killed Natasha
  3699 | D:4      | Reached XP level 6. HP: 47/51 MP: 8/10
  3764 | D:4      | Noticed Ijyb
  3766 | D:4      | Paralysed by Ijyb for 4 turns
  3777 | D:4      | Killed Ijyb
  4154 | D:4      | Found a burning altar of Makhleb.
  4161 | D:4      | Found a shadowy altar of Dithmenos.
  4172 | D:4      | Found a white marble altar of Elyvilon.
  4179 | D:4      | Found a glowing silver altar of Zin.
  4184 | D:4      | Found a sparkling altar of Nemelex Xobeh.
  4195 | D:4      | Found a broken altar of Ashenzari.
  4203 | D:4      | Found a blossoming altar of Fedhas.
  4294 | D:4      | Noticed Natasha
  4301 | D:4      | Killed Natasha
  4461 | D:4      | Gained mutation: You passively map a small area around you.
                  | [potion of mutation]
  4461 | D:4      | Gained mutation: You possess an exceptional clarity of
                  | mind. [potion of mutation]
  4506 | D:4      | Found a runed translucent door.
  4507 | D:4      | Noticed Crazy Yiuf
  4515 | D:4      | Killed Crazy Yiuf
  4516 | D:4      | Your scales start taking on a rich purple colour.
  4516 | D:4      | Reached XP level 7. HP: 57/57 MP: 11/13
  4563 | D:4      | Learned a level 4 spell: Ice Form
  4564 | D:5      | Entered Level 5 of the Dungeon
  4845 | D:5      | Reached skill level 1 in Ice Magic
  5250 | D:5      | HP: 1/59 [orc priest/divine providence (17)]
  5255 | D:5      | Slain by an orc warrior

Illustrated notes

Levels and vault maps discovered:
D:1:      amcnicky_arrival_gap_in_the_tavern_cellar, layout_basic,
          ebering_dispersal_statue_hall, nrook_loot_triangle, minivault_4
D:2:      layout_basic, shapermc_ecumenical_altar_mp_ritualfount, serial_shops,
          nicolae_shop_waterfront, uniq_terence, uniq_robin
D:3:      layout_basic, minmay_rat_hole
D:4:      layout_loops_ring, grunt_temple_overflow_octagram, serial_rivers,
          chequers_serial_rivers_micro_b, chequers_serial_rivers_marsh,
          chequers_serial_rivers_micro_c, chequers_serial_rivers_micro_c,
          chequers_serial_rivers_micro_b, chequers_serial_rivers_small_a,
          minmay_diced_spiral, uniq_crazy_yiuf_cottage, uniq_natasha, uniq_ijyb
D:5:      layout_rooms, mainiacjoe_overflow_brackets

Skill      XL: |  1  2  3  4  5  6  7 |
---------------+----------------------+-----
Dodging        | 2 3 |  3.8
Fighting       | 2 3 4 |  4.2
Transmutations | 3 4 |  4.2
Spellcasting   | 3 4 |  4.9
Unarmed Combat | 4 |  4.8
Ice Magic      | 1 |  1.7

Action                     |  1- 3 |  4- 6 |  7- 9 || total
---------------------------+-------+-------+-------++-------
  Melee: Unarmed           |   118 |   145 |   103 ||   366
         Kick              |    20 |    43 |    18 ||    81
         Tailslap          |    12 |     9 |    22 ||    43
         Headbutt          |     9 |    24 |    18 ||    51
         Punch             |     1 |     3 |     1 ||     5
   Cast: Beastly Appendage |    26 |    27 |    10 ||    63
    Use: Scroll            |       |     8 |       ||     8
         Potion            |       |     1 |     1 ||     2
   Stab: Sleeping          |     2 |       |       ||     2
 Armour: Skin              |    48 |    59 |    32 ||   139
  Dodge: Dodged            |    72 |    90 |    58 ||   220

Table legend: (Time is in decaauts)
 A = Elapsed time spent in this place.
 B = Non-inter-level travel time spent in this place.
 C = Inter-level travel time spent in this place.
 D = Time resting spent in this place.
 E = Time spent auto-exploring this place.
 F = Levels seen in this place.
 G = Mean time per level.
                   A        B        C        D        E       F      G
               +--------+--------+--------+--------+--------+-----+--------+
         Total |   5238 |   4907 |    331 |    717 |   3208 |   5 | 1047.6 |
       Dungeon |   5238 |   4907 |    331 |    717 |   3208 |   5 | 1047.6 |
               +--------+--------+--------+--------+--------+-----+--------+

Top non-repeatable levels by time:
     D:3: 1294 daAuts
     D:2: 1150 daAuts
     D:4: 1095 daAuts
     D:1: 1016 daAuts
     D:5: 682 daAuts
